cohdb
Replays
Latest Replays
All Replays
Popular Replays
Top Player Replays
Match Explorer
How It Works
Community
CoH3 Stats
Reddit
Sign in to upload your games and track your stats! →
Sign in with Steam
Match 38774108
Unlisted
Match 38774108
Overview
Messages
Build Orders
End
Panzergrenadier Squad
Kradschützen Motorcycle Team
250 Light Carrier
Construct Light Support Kompanie
Selects Armored Support Battlegroup
Selects Superior Fire Drills
250 Light Carrier
Combat Half-tracks
MG34 Team
Fire Support Elements
Panzerjäger Mechanized Group
Pak 38 Anti-tank Gun Team
Vehicle Survival Package
Selects Salvage Kits
Construct Panzerarmee Kommand
Tungsten Core Ammunition
Armored Reserves
Emergency Repair Kits
Panzer IV Assault Group
Glorb
Belgian Luftwaffle
Ermac[Pointrunner]
Cheeki Bяeeki
Bebbo
A Sassy Badger
Hunter Iraq™
Ultramarines
0
0
Comments
sign in to comment!
No comments posted yet!